 Dungeon Crawl Stone Soup version 0.31.0-1-g2c135a008e (webtiles) character file.

Game seed: 11805618752287977901

28 qw the Shooter (level 3, -1/29 HPs)
             Began as a Djinni Hunter on Jan 24, 2024.
             Slain by Natasha (6 damage)
             ... on level 2 of the Dungeon.
             The game lasted 00:00:02 (947 turns).

qw the Shooter (Djinni Hunter)                       Turns: 947, Time: 00:00:03

Health: -1/29      AC:  3    Str: 10    XL:     3   Next: 30%
Gold:   54         EV: 12    Int: 10    God:
                   SH:  0    Dex: 18

rFire   + + +        a - +0 shortbow
rCold   x . .        (shield currently unavailable)
rNeg    . . .        c - +0 leather armour
rPois   inf          (no helmet)
rElec   .            (no cloak)
rCorr   .            (no gloves)
SInv    .            (boots unavailable)
Will    .....        (no amulet)
Stlth   ++           e - ring of protection from fire
HPRegen 0.24/turn    (no ring)
MPRegen 0.00/turn

%: infuse magic (-2 HP)
@: flying
A: sickness immunity, fire resistance 2, cold vulnerability 1, float, innate
caster, HP casting, extra vitality 1
a: no special abilities


You were on level 2 of the Dungeon.
You visited 1 branch of the dungeon, and saw 2 of its levels.

You collected 54 gold pieces.


Innate Abilities, Weirdness & Mutations

You are immune to sickness and miasma.
You are immune to poison.
Your flesh is very heat resistant. (rF++)
You are vulnerable to cold. (rC-)
You float through the air rather than walking.
You learn spells naturally, not from books.
Your magical power is your life essence.
You have superior vitality. (+4 MHP)


   Skills:
 + Level 2.3 Fighting
 - Level 4.0 Ranged Weapons
 - Level 2.1 Dodging
 - Level 0.7 Stealth


You knew the following spells:

 Your Spells              Type           Power      Damage    Failure   Level
a - Sting                 Conj/Alch      0%         1d3       45%         1
Your spell library was empty.

Inventory:

Hand Weapons
 a - a +0 shortbow (weapon)
Armour
 c - a +0 leather armour (worn)
Jewellery
 e - a ring of protection from fire (left hand)

Dungeon Overview and Level Annotations

Branches:
Dungeon (2/15)

Altars:

Annotations:
D:2 Natasha


Message History

Found a dagger.
Found a stone staircase leading down.
You now have 54 gold pieces (gained 14).
A quokka comes into view.
You shoot an arrow. The arrow barely misses the quokka.
The quokka closely misses you.
You shoot an arrow. The arrow hits the quokka!
You kill the quokka!
Found a stone staircase leading up.
There is a stone staircase leading up here.
Found 4 stones.
Found a stone staircase leading down.
Natasha, Servant of Life and Death comes into view.
You shoot an arrow. The arrow closely misses Natasha.
Natasha claws you!
You shoot an arrow. The arrow misses Natasha.
Natasha claws you but does no damage.
You shoot an arrow. The arrow barely misses Natasha.
Natasha claws you.
You shoot an arrow. The arrow hits Natasha.
Natasha is heavily wounded.
Natasha claws you.
You shoot an arrow.
The arrow hits Natasha but does no damage.
Natasha is heavily wounded.
Natasha claws you.
You shoot an arrow. The arrow barely misses Natasha.
Natasha barely misses you. Natasha closely misses you.
You shoot an arrow. The arrow closely misses Natasha.
Natasha misses you.
You shoot an arrow. The arrow hits Natasha.
Natasha is severely wounded.
Natasha barely misses you.
You shoot an arrow. The arrow hits Natasha.
Natasha is almost dead.
Natasha closely misses you.
You shoot an arrow. The arrow closely misses Natasha.
Natasha claws you! Natasha claws you.
You die...
Natasha curls up and begins to purr.

### ... #.. ..# #.#
#.### #.# #.#.
####### #.# ...
......# #.# #>#
.####.# #.####h#
.####.#####.....@#
.#..........######
...##...).....#
.####.###.#.#.#
......###.#.#.#
......<.......#
.......#..#...######.
.......#..#..(.......
......#..............


You could see Natasha.

Vanquished Creatures
  2 dart slugs (D:1)
  2 ball pythons
  3 endoplasms (D:1)
  2 goblins (D:1)
  6 kobolds
  A quokka (D:2)
  3 bats (D:1)
  3 frilled lizards (D:1)
  2 rats (D:1)
24 creatures vanquished.

Notes
Turn   | Place    | Note
-------+----------+-------------------------------------------
     0 | D:1      | qw the Djinni Hunter began the quest for the Orb.
     0 | D:1      | Reached XP level 1. HP: 18/18 MP: 0/0
     0 | D:1      | 0 ||| qw: Version: 0.3-a-136-gdd3b4e8
     0 | D:1      | 0 ||| qw: Game counter: 1454
     0 | D:1      | 0 ||| qw: Melee chars always use a shield: true
     0 | D:1      | 0 ||| qw: God list: Okawaru
     0 | D:1      | 0 ||| qw: Allow faded altars: false
     0 | D:1      | 0 ||| qw: Do Orc after clearing Dungeon:15 true
     0 | D:1      | 0 ||| qw: Do second Lair branch before Depths: true
     0 | D:1      | 0 ||| qw: Lair rune preference: random
     0 | D:1      | 0 ||| qw: Goals: Normal
     0 | D:1      | 0 ||| PLANNING D:1-11
   109 | D:1      | Reached XP level 2. HP: 23/23 MP: 0/0
   297 | D:1      | Reached XP level 3. HP: 28/28 MP: 0/0
   297 | D:1      | Learned a level 1 spell: Sting
   311 | D:1      | Reached skill level 4 in Ranged Weapons
   811 | D:1      | 811 ||| DROPPING +6 ring of intelligence.
   812 | D:1      | 812 ||| UPGRADING to ring of protection from fire.
   813 | D:1      | 813 ||| READING scroll labelled TELA NOOSUL.
   813 | D:1      | 813 ||| IDENTIFYING scroll labelled KEARAI POGILE
   814 | D:1      | 814 ||| DROPPING scroll of butterflies.
   815 | D:1      | 815 ||| DROPPING scroll of fog.
   937 | D:2      | Noticed Natasha
   947 | D:2      | HP: 5/29 [Natasha (7)]
   947 | D:2      | Slain by Natasha

Levels and vault maps discovered:
D:1:      roadster_arrival_rocket_large, layout_basic,
          amcnicky_mini_rare_corridor_liquid
D:2:      layout_loops_cross, uniq_natasha

Skill      XL: |  1  2  3 |
---------------+----------+-----
Ranged Weapons | 4 |  4.0
Fighting       | |  2.3
Dodging        | |  2.1
Stealth        | |  0.7

Action                     || total
---------------------------++-------
   Fire: Shortbow          ||    66
    Use: Scroll            ||     1
 Armour: Leather armour    ||    15
  Dodge: Dodged            ||    30

Table legend:
 A = Non-vault XP
 B = Vault XP
 C = Vault XP percentage of total XP
 D = Non-vault monster count
 E = Vault monster count
 F = Vault count percentage of total count
                 A         B        C        D         E       F
            +---------+---------+-------+---------+---------+-------
      Total |      41 |       0 |   0.0 |      24 |       0 |   0.0
            +---------+---------+-------+---------+---------+-------
        D:1 |      37 |       0 |   0.0 |      21 |       0 |   0.0
        D:2 |       4 |       0 |   0.0 |       3 |       0 |   0.0
            +---------+---------+-------+---------+---------+-------
